 Dungeon Crawl Stone Soup version 0.21.1-1-g345015f (webtiles) character file.

6 Gremour the Shield-Bearer (level 1, 0/14 HPs)
             Began as a Gargoyle Fighter on Apr 3, 2018.
             Slain by a leopard gecko (3 damage)
             ... on level 1 of the Dungeon.
             The game lasted 00:01:29 (66 turns).

Gremour the Shield-Bearer (Gargoyle Fighter)          Turns: 66, Time: 00:01:30

Health: 0/14       AC:  9    Str: 24    XL:     1   Next: 90%
Magic:  1/1        EV:  7    Int:  8    God:
Gold:   10         SH:  9    Dex:  9    Spells: 0/0 levels left

rFire    . . .     SeeInvis .   a - +0 flail
rCold    . . .     Gourm    .   c - +0 shield
rNeg     + . .     Faith    .   b - +0 scale mail
rPois    ∞         Spirit   .   (no helmet)
rElec    +         Reflect  .   (no cloak)
rCorr    .         Harm     .   (no gloves)
MR       .....                  (no boots)
Stlth    ..........             (no amulet)
HPRegen  0.04/turn              (no ring)
MPRegen  0.07/turn              (no ring)

@: mighty
A: negative energy resistance 1, electricity resistance, unbreathing,
petrification resistance, rot immunity, AC +2
a: no special abilities


You were on level 1 of the Dungeon.
You were not hungry.

You visited 1 branch of the dungeon, and saw 1 of its levels.

You collected 10 gold pieces.

Inventory:

Hand Weapons
 a - a +0 flail (weapon)
Armour
 b - a +0 scale mail (worn)
 c - a +0 shield (worn)
Scrolls
 e - a scroll of teleportation {unknown}
 g - a scroll of fear {unknown}
Comestibles
 f - a ration


   Skills:
 - Level 3.2 Fighting
 * Level 2.6 Maces & Flails
 - Level 3.2 Armour
 - Level 3.2 Shields


You couldn't memorise any spells.
You didn't know any spells.

Dungeon Overview and Level Annotations

Branches:
Dungeon (1/15)

Altars:


Innate Abilities, Weirdness & Mutations

You are resistant to torment.
Your stone body is resilient. (AC +2)
You are immune to poison.
You resist negative energy. (rN+)
You are resistant to electric shocks. (rElec)
You can survive without breathing.
You are immune to petrification.
You are immune to rotting.


Message History

The leopard gecko barely misses you. The gnoll hits you but does no damage.
You barely miss the gnoll. The leopard gecko closely misses you.
The gnoll closely misses you. You block the rat's attack.
You closely miss the gnoll.
The leopard gecko bites you but does no damage.
The gnoll hits you with a club.
* * * LOW HITPOINT WARNING * * *
The rat barely misses you. You block the leopard gecko's attack.
Your shield prevents you from hitting the rat.
The leopard gecko bites you.
* * * LOW HITPOINT WARNING * * *
The rat closely misses you. You block the gnoll's attack.
The leopard gecko bites you but does no damage.
You feel very mighty all of a sudden. The rat barely misses you.
The gnoll barely misses you.
You sock the rat!
You kill the rat!
You block the leopard gecko's attack. The gnoll hits you but does no damage.
The leopard gecko bites you.
You die...

†.#..# ≈.#..# ......
≈.#..# ......#### ##
≈†#..# ........... ..##
..#..# #......... ...##.
###..####......... ......
.................###......
...#.............l........
................@†........
.................g).......
...................)......
..........................
..................###.....
####......###.....# .....
#......# #.)...# ....
#......# #.....# ###
#......# #.....#


You could see a gnoll and a leopard gecko.

Vanquished Creatures
  3 hobgoblins (D:1)
  3 rats (D:1)
6 creatures vanquished.

Vanquished Creatures (others)
  A minotaur (D:1)
  A vine stalker (D:1)
  A troll (D:1)
  2 humans (D:1)
  A naga (D:1)
  A dwarf (D:1)
  2 ogres (D:1)
  A mummy (D:1)
  2 kobolds (D:1)
  5 tentacles (D:1)
17 creatures vanquished.

Grand Total: 23 creatures vanquished

Notes
Turn   | Place    | Note
-------+----------+-------------------------------------------
     0 | D:1      | Gremour the Gargoyle Fighter began the quest for the Orb.
     0 | D:1      | Reached XP level 1. HP: 14/14 MP: 1/1
     0 | D:1      | Noticed a troll
     0 | D:1      | Noticed a vine stalker
     0 | D:1      | Noticed an ogre
     0 | D:1      | Noticed an ogre
     0 | D:1      | Noticed a kraken
     0 | D:1      | Noticed a dwarf
     0 | D:1      | Noticed a minotaur
     0 | D:1      | Noticed a human
     0 | D:1      | Noticed a human
     0 | D:1      | Noticed a naga
     2 | D:1      | Killed a troll
     5 | D:1      | Killed a minotaur
     9 | D:1      | Killed a human
    10 | D:1      | Killed a naga
    10 | D:1      | Killed a vine stalker
    11 | D:1      | Killed an ogre
    11 | D:1      | Killed a human
    12 | D:1      | Killed an ogre
    12 | D:1      | Killed a dwarf
    66 | D:1      | Slain by a leopard gecko

Action                   || total
-------------------------++-------
Melee: Flail             ||    14
  Use: Potion            ||     1
Armor: Scale mail        ||    10
Dodge: Dodged            ||    10
Block: Shield            ||    11
